 Dungeon Crawl Stone Soup version 0.27.0-1-g7a089689b8 (webtiles) character file.

Game seed: 8414150415052171945

156 mainiacjoe the Skirmisher (level 5, -2/55 HPs)
             Began as an Ogre Transmuter on Aug 1, 2021.
             Slain by Grinder (6 damage)
             ... on level 3 of the Dungeon.
             The game lasted 00:20:37 (4641 turns).

mainiacjoe the Skirmisher (Ogre Transmuter)         Turns: 4641, Time: 00:20:37

Health: -2/55      AC:  3    Str: 15    XL:     5   Next: 38%
Magic:  8/8        EV: 10    Int: 14    God:
Gold:   179        SH:  0    Dex:  9    Spells: 5/8 levels left

rFire    . . .     SeeInvis .   a - +1 whip (elec)
rCold    . . .     Faith    .   (no shield)
rNeg     . . .     Spirit   .   v - +0 robe
rPois    .         Reflect  .   (helmet restricted)
rElec    .         Harm     .   (no cloak)
rCorr    +         Rampage  .   (gloves unavailable)
Will     .....                  (boots unavailable)
Stlth    +.........             (no amulet)
HPRegen  0.18/turn              r - ring of resist corrosion
MPRegen  0.11/turn              (no ring)

@: attractive, flying, hasted, very quick
A: large, unfitting armour, tough skin 1
a: no special abilities


You were on level 3 of the Dungeon.
You visited 1 branch of the dungeon, and saw 3 of its levels.

You collected 179 gold pieces.

Inventory:

Hand Weapons
 a - a +1 whip of electrocution (weapon)
 b - a +0 hunting sling
 s - a +2 dagger of venom
Missiles
 e - 42 stones
 h - 41 arrows
 i - 13 sling bullets
 t - 15 poisoned darts
 w - 2 silver boomerangs (quivered)
Armour
 n - a +0 kite shield
 v - a +0 robe (worn)
Jewellery
 r - a ring of resist corrosion (left hand)
Scrolls
 d - a scroll of amnesia {unknown}
 f - a scroll of teleportation {unknown}
 g - a scroll of blinking
 k - a scroll of enchant weapon {unknown}
 o - a scroll of identify {unknown}
 p - a scroll of acquirement {unknown}
 u - a scroll of silence {unknown}
Potions
 c - 2 potions of flight
 j - a potion of curing
 q - a potion of mutation {unknown}
 x - a potion of heal wounds {unknown}


   Skills:
 + Level 4.8 Fighting
 + Level 1.1 Maces & Flails
 - Level 2.5 Dodging
 - Level 3.4 Unarmed Combat
 - Level 2.4 Spellcasting
 - Level 1.7 Transmutations


You had 5 spell levels left.
You knew the following spells:

 Your Spells              Type           Power      Damage    Failure   Level
a - Beastly Appendage     Tmut           12%        N/A       11%         1
b - Wereblood             Tmut           6%         N/A       17%         2

Your spell library contained the following spells:

 Spells                   Type           Power      Damage    Failure   Level
 Spider Form              Tmut/Pois      2%         N/A       43%         3
 Ice Form                 Ice/Tmut       4%         N/A       85%         4


Dungeon Overview and Level Annotations

Branches:
Dungeon (3/15)

Altars:
Gozag

Annotations:
D:2 electrowhip kobold
D:3 Grinder


Innate Abilities, Weirdness & Mutations

You are too large for most types of armour.
You have tough skin. (AC +1)


Message History

Grinder hits you.
You writhe in agony.
You completely miss Grinder.
Grinder is heavily wounded.
Grinder hits you!
* * * LOW HITPOINT WARNING * * *
You writhe in agony.
* * * LOW HITPOINT WARNING * * *
It was a potion of flight.
You feel very buoyant.
You fly up into the air.
Grinder closely misses you.
It was a potion of curing.
You feel better. Grinder hits you.
* * * LOW HITPOINT WARNING * * *
You writhe in agony.
* * * LOW HITPOINT WARNING * * *
You barely miss Grinder.
Grinder is heavily wounded.
Grinder completely misses you.
You hit Grinder but do no damage.
Grinder is heavily wounded.
Grinder gestures at you. You resist with significant effort.
You barely miss Grinder.
Grinder is heavily wounded.
Grinder blinks!
Grinder blinks!
Okay, then.
You start resting.
You hear a zap.
You hear a grinding noise.
You hear a zap.
Some rock shatters into small pieces.
It was a potion of attraction.
You feel attractive to monsters.
It was a potion of haste.
You feel yourself speed up. Grinder is pulled toward you!
You closely miss Grinder.
Grinder is heavily wounded.
Grinder hits you.
* * * LOW HITPOINT WARNING * * *
You writhe in agony.
You die...

###### ### #....#
..### ###.########
#...# #.....#....#
## ###.#
#.#.###....##.#
###.#
#.._..#((..#.#
....#
###.#.#.....#
....###.....#....#
......###.###...@#
....###....#..(5##
....# #...##..#.
.[..# #.###.(...
###.###.##..####
#..##†#..##
##.#....##
####.#...########
†...............#


You could see Grinder.

Vanquished Creatures
  Natasha (D:3)
  3 adders
  2 worms
  3 dart slugs
  2 orcs (D:3)
  8 ball pythons
  6 endoplasms
  4 giant cockroaches
  8 goblins
  8 hobgoblins
  10 jackals
  7 bats
  11 frilled lizards
  8 kobolds
  5 rats
86 creatures vanquished.

Notes
Turn   | Place    | Note
-------+----------+-------------------------------------------
     0 | D:1      | mainiacjoe the Ogre Transmuter began the quest for the Orb.
     0 | D:1      | Reached XP level 1. HP: 19/19 MP: 3/3
   237 | D:1      | Reached skill level 2 in Fighting
   335 | D:1      | Reached XP level 2. HP: 28/28 MP: 3/5
   338 | D:1      | Learned a level 2 spell: Wereblood
  1291 | D:1      | Reached XP level 3. HP: 36/36 MP: 3/6
  1367 | D:1      | Reached skill level 3 in Fighting
  2764 | D:2      | Reached XP level 4. HP: 46/46 MP: 5/7
  3230 | D:3      | Reached skill level 4 in Fighting
  4263 | D:3      | Reached XP level 5. HP: 55/55 MP: 6/8
  4305 | D:3      | Noticed Natasha
  4316 | D:3      | Killed Natasha
  4322 | D:3      | Reached skill level 1 in Maces & Flails
  4535 | D:3      | Found an opulent altar of Gozag.
  4577 | D:3      | Noticed Grinder
  4600 | D:3      | Paralysed by Grinder for 6 turns
  4641 | D:3      | Slain by Grinder

Illustrated notes

Levels and vault maps discovered:
D:1:      dpeg_arrival_erosion, layout_basic, minmay_door_square,
          corner_web_ring
D:2:      layout_basic, minmay_misc_feat_pillars, serial_park_tiny_2
D:3:      layout_rooms, nicolae_gozag_cash_rules_everything_around_me,
          st_stairs_5, grunt_ministairs_5, roderic_roman_lattice, uniq_grinder,
          uniq_natasha

Skill      XL: |  1  2  3  4  5 |
---------------+----------------+-----
Fighting       | 2 3 4 |  4.8
Unarmed Combat | 3 |  3.4
Dodging        | 2 |  2.5
Maces & Flails | 1 |  1.1
Spellcasting   | |  2.4
Transmutations | |  1.7

Action                   |  1- 3 |  4- 6 || total
-------------------------+-------+-------++-------
Melee: Unarmed           |   148 |    61 ||   209
       Kick              |    18 |     7 ||    25
       Headbutt          |    11 |    10 ||    21
       Whip              |       |    49 ||    49
       Punch             |       |     1 ||     1
 Fire: Hunting sling     |       |    29 ||    29
Throw: Stone             |    36 |     7 ||    43
       Dart              |       |     8 ||     8
       Boomerang         |       |     1 ||     1
 Cast: Beastly Appendage |    34 |    11 ||    45
       Wereblood         |     4 |     5 ||     9
  Use: Scroll            |     1 |       ||     1
       Potion            |       |     4 ||     4
 Stab: Sleeping          |     1 |       ||     1
Armor: Robe              |    56 |    26 ||    82
Dodge: Dodged            |    89 |    43 ||   132
Block: Kite shield       |     2 |       ||     2
